Map: 克哈裂痕

Players

二年级二班永亮

  • Race: Zerg Zerg
  • League: Gold

Marisa

  • Race: Terran Terran
  • Spawn Location: 7:00

VOD

Have the link to the VOD?

Description

Time

  • Played on: March 20, 2018, 8:09 p.m.
  • Length: 17:14
Show
View Real Time Build Order
Export as new Build Order

二年级二班永亮 Zerg 

Build Orders:  

Get SALT Encoding   

  12  0:03  Infested SCV  
  13  0:11  Infested SCV  
  13  0:17  Infested SCV  
  15  0:29  Overlord  
  15  0:48  Infested Barracks  
  15  1:00  Infested SCV  
  15  1:01  Infested SCV  
  15  1:05  Infested SCV  
  18  1:21  Infested SCV  
  19  1:37  Overlord  
  19  1:52  Infested Bunker  
  23  2:03  Infested SCV  
  23  2:09  Infested SCV  
  25  2:25  Infested SCV  
  26  2:44  Infested Command Center, Infested SCV  
  27  2:53  Infested Refinery  
  27  3:10  Infested SCV  
  27  3:12  Infested Refinery  
  27  3:16  Overlord  
  28  3:30  Infested Bunker  
  28  3:32  Infested SCV  
  29  3:45  Infested Engineering Bay  
  29  3:46  Infested SCV  
  30  4:09  Infested SCV  
  31  4:19  Infested Factory  
  35  4:31  Infested SCV  
  35  4:32  Infested SCV  
  35  4:33  Infested Bunker  
  35  4:34  Infested SCV  
  38  4:44  Infested Command Center  
  38  4:47  Infested SCV  
  39  4:54  Infested SCV  
  39  4:56  Infested SCV  
  41  5:43  Infested SCV  
  41  5:44  Infested SCV x2  
  41  5:46  Infested SCV  
  53  5:59  Infested Bunker  
  53  6:14  Infested SCV  
  53  6:16  Overlord x3  
  54  6:22  Infested Starport  
  54  6:42  Infested SCV x2  
  54  6:44  Infested SCV x3  
  54  6:45  Infested SCV  
  54  6:49  Infested Bunker  
  60  7:03  Infested SCV  
  61  7:16  Infested Armory  
  61  7:18  Infested Starport Tech Lab  
  61  7:29  Infested Refinery  
  61  7:31  Infested SCV x2  
  67  7:41  Infested Bunker  
  67  7:43  Infested Bunker  
  67  7:46  Infested Banshee x2  
  73  8:07  Infested Banshee  
  76  8:20  Overlord x4  
  76  8:23  Stukov Vehicle and Ship Weapons Level 1  
  76  8:24  Infested Starport  
  76  8:30  Aggressive Incubation  
  76  8:47  Infested Banshee x2, Infested Refinery  
  82  9:03  Infested Banshee  
  85  9:16  Infested Starport Tech Lab  
  85  9:20  Infested SCV  
  85  9:21  Infested SCV  
  85  9:22  Overlord x3  
  87  9:34  Infested Banshee x2  
  97  9:51  Braced Exoskeleton  
  97  10:09  Infested Bunker  
  97  10:43  Infested Banshee x2  
  97  10:44  Infested Banshee x2  
  117  10:51  Infested Bunker  
  117  11:03  Stukov Vehicle and Ship Weapons Level 2  
  117  11:14  Calcified Armor  
  117  11:38  Infested Bunker  
  117  11:46  Infested Banshee x2  
  123  12:13  Infested Banshee  
  123  12:18  Overlord x4  
  123  12:19  Overlord  
  126  12:30  Infestation Level 1  
  126  12:57  Infested Banshee x5  
  141  13:14  Infested Bunker  
  141  13:16  Rapid Hibernation  
  145  13:28  Infested Liberator  
  148  13:34  Infested Bunker x2  
  148  13:37  Infested Bunker  
  148  13:51  Infested Liberator  
  151  14:08  Infested Bunker  
  159  14:17  Infested Bunker  
  159  14:18  Cloud Dispersal  
  163  14:20  Viral Contamination  
  163  14:37  Infested Liberator  
  166  14:53  Overlord x3  
  166  14:57  Infested Bunker  
  150  16:35  Infested Banshee x4  
  150  16:36  Infested Banshee  
Show
View Real Time Build Order
Export as new Build Order

Marisa Terran 

Build Orders:  

Get SALT Encoding   

Tags
 
Commander
RaynorStukov
League
Gold
Matchup
Co-op
Replay Pack
Co-op Speedrun
Add a new tag
Caveats
  • Supply blocks, unpowered buildings, or Contaminate may cause inaccurate times.
  • Supply counts are checked every 10 seconds.